 Dungeon Crawl Stone Soup version 0.30.0-3-ga4e48a9924 (webtiles) character file.

Game seed: 6547332632126491830

134 trckry the Charlatan (level 4, 0/34 HPs)
             Began as a Demonspawn Wanderer on May 7, 2023.
             Was an Initiate of Ashenzari.
             Slain by an orc wizard
             ... wielding a +0 dagger
              (3 damage)
             ... on level 3 of the Dungeon.
             The game lasted 00:05:51 (1752 turns).

trckry the Charlatan (Demonspawn Wanderer)          Turns: 1752, Time: 00:05:52

Health: 0/34       AC:  3    Str: 16    XL:     4   Next: 95%
Magic:  4/4        EV: 11    Int: 12    God:    Ashenzari [......]
Gold:   79         SH:  0    Dex: 12    Spells: 3/3 levels left

rFire   . . .        a - +2 quarterstaff
rCold   . . .        (shield currently unavailable)
rNeg    . . .        e - +0 leather armour
rPois   .            (helmet restricted)
rElec   .            (no cloak)
rCorr   .            (no gloves)
SInv    .            (no boots)
Will    .....        g - amulet of reflection
Stlth   +            (no ring)
HPRegen 0.25/turn    (no ring)
MPRegen 0.09/turn

%: reflection
@: confused
A: antennae 1
a: Renounce Religion, Curse Item


You were on level 3 of the Dungeon.
You worshipped Ashenzari.
Ashenzari was noncommittal.
You visited 1 branch of the dungeon, and saw 3 of its levels.

You collected 79 gold pieces.

Inventory:

Hand Weapons
 a - a +2 quarterstaff (weapon)
 b - a +0 mace
Armour
 e - a +0 leather armour (worn)
Jewellery
 g - an amulet of reflection (around neck)
 n - a ring of see invisible
Wands
 c - a wand of flame (5) (quivered)
 p - a wand of mindburst (7)
Scrolls
 d - a scroll of summoning
 h - 3 scrolls of identify {unknown}
 j - 2 scrolls of amnesia {unknown}
 l - a scroll of teleportation {unknown}
 m - a scroll of blinking {unknown}
Potions
 f - 2 potions of curing {unknown}
 i - a potion of flight {unknown}
 k - a potion of ambrosia {unknown}
 o - a potion of berserk rage {unknown}
 q - a potion of lignification {unknown}


   Skills:
 - Level 2.5 Fighting
 - Level 1.0(2.2) Maces & Flails
 * Level 3.2(3.3) Staves
 + Level 2.1 Armour
 + Level 1.5 Dodging
 - Level 1.0 Stealth
 - Level 4.0 Evocations


You had 3 spell levels left.
You didn't know any spells.
Your spell library was empty.

Dungeon Overview and Level Annotations

Branches:
Dungeon (3/15) Zot: 16221

Altars:
Ashenzari
Xom


Innate Abilities, Weirdness & Mutations

You have a pair of small antennae on your head.


Message History

You miss something. Something hits you.
You completely miss something.
You hear some strange, mumbled words.
Something tries to affect you, but you resist.
You closely miss something.
You hear some strange, mumbled words.
Something tries to affect you, but you resist.
You bump into the rock wall.
Something hits you.
You miss something. Something hits you but does no damage.
You bump into the rock wall.
Something hits you.
You're too confused to move!
You feel less confused. Something hits you.
* * * LOW HITPOINT WARNING * * *
Aiming: Mindburst
Press: ? - help, Shift-Dir - straight line, f - orc wizard
Aim: an orc wizard, wielding a +0 dagger and wearing a +0 robe (chance to affect: 79%) Something's mind is blasted!
Reactivating autopickup.
You feel a bit more experienced.
The orc wizard gestures at you while chanting.
You are confused.
You are too confused!
The orc wizard hits you with a +0 dagger.
* * * LOW HITPOINT WARNING * * *
Items here: )))) [[ ††.
You miss the orc wizard.
The orc wizard hits you but does no damage.
You completely miss the orc wizard.
The orc wizard hits you with a +0 dagger.
* * * LOW HITPOINT WARNING * * *
The orc wizard hits you with a +0 dagger.
* * * LOW HITPOINT WARNING * * *
You bump into the rock wall.
The orc wizard mumbles some strange words.
The orc wizard flickers and vanishes!
Deactivating autopickup; reactivate with Ctrl-A.
Okay, then.
You bump into the rock wall.
Something hits you.
You die...

############
#..........#
#.########.#
.............#
#.##########
#######.####.#
#..........# #.# #.#
##########.#
####.####)############.#
............{@......##.#
.###.##########.###.##.#
#.# .# #.# .# #.# .# #.#
.# #.# .# #.##.# .#
#.##.# #.#..#


There were no monsters in sight!

Vanquished Creatures
  Ijyb (D:3)
  An orc wizard (D:3)
  2 adders (D:2)
  3 worms
  4 orcs (D:3)
  7 bats
  2 endoplasms
  3 giant cockroaches
  6 goblins
  5 jackals (D:1)
  A quokka (D:1)
  3 ball pythons
  5 frilled lizards
  5 kobolds
  5 rats
53 creatures vanquished.

Notes
Turn   | Place    | Note
-------+----------+-------------------------------------------
     0 | D:1      | trckry the Demonspawn Wanderer began the quest for the Orb.
     0 | D:1      | trckry set off with the following items: a +2 quarterstaff,
                  | a +0 mace, a wand of flame (5), a scroll of summoning, a +0
                  | leather armour.
     0 | D:1      | Reached XP level 1. HP: 16/16 MP: 1/1
   133 | D:1      | Gained mutation: You have a pair of small antennae on your
                  | head. [demonic ancestry]
   133 | D:1      | Reached XP level 2. HP: 21/23 MP: 2/2
   136 | D:1      | Reached skill level 1 in Armour
   734 | D:2      | Found a shimmering altar of Xom.
   747 | D:2      | Reached XP level 3. HP: 25/28 MP: 3/3
   984 | D:2      | Found a faded altar of an unknown god.
   994 | D:2      | Prayed at the altar of an unknown god.
   994 | D:2      | Became a worshipper of Ashenzari the Shackled
  1035 | D:2      | Reached skill level 1 in Dodging
  1401 | D:2      | Reached XP level 4. HP: 32/34 MP: 4/4
  1539 | D:3      | Noticed Ijyb
  1713 | D:3      | Killed Ijyb
  1750 | D:3      | HP: 3/34 [orc wizard/+0 dagger (3)]
  1752 | D:3      | Slain by an orc wizard

Illustrated notes

Levels and vault maps discovered:
D:1:      lemuel_arrival_cross, layout_basic, hex_large, minmay_misc_feat_x
D:2:      layout_loops_ring, ebering_ecumenical_altar_petrified, basic_altar
D:3:      layout_loops_ring, minmay_misc_feat_roman, minmay_box_of_dots,
          uniq_ijyb, uniq_grinder, uniq_pargi

Skill      XL: |  1  2  3  4 |
---------------+-------------+-----
Armour         | 1 2 |  2.1
Staves         | 2 3 |  3.2
Dodging        | 1 |  1.5
Fighting       | |  2.5
Maces & Flails | |  1.0
Stealth        | |  1.0
Evocations     | |  4.0

Action                     |  1- 3 |  4- 6 || total
---------------------------+-------+-------++-------
  Melee: Quarterstaff      |   115 |    30 ||   145
  Evoke: Wand              |       |     3 ||     3
   Stab: Sleeping          |     1 |     2 ||     3
 Armour: Leather armour    |    27 |     5 ||    32
  Dodge: Dodged            |    75 |     8 ||    83
  Block: Other             |    37 |     3 ||    40
